 Seeded DCSS version 0.29.1-12-g30fa7ad0bf (webtiles) character file.

Game seed: 9845822215292249863 (custom seed)

4927 hikkokomori the Destroyer (level 10, -4/65 HPs)
             Began as an Octopode Conjurer on Jan 6, 2023.
             Was an Initiate of Gozag.
             Slain by a boulder beetle (8 damage)
             ... on level 9 of the Dungeon on Jan 7, 2023.
             The game lasted 00:21:27 (9811 turns).

hikkokomori the Destroyer (Octopode Conjurer)       Turns: 9811, Time: 00:21:27

Health: -4/65      AC:  1    Str:  2    XL:     10   Next: 52%
Magic:  3/26       EV: 17    Int: 29    God:    Gozag
Gold:   1263       SH:  5    Dex: 13    Spells: 8/18 levels left

rFire   + + .      SeeInvis .   i - staff of conjuration
rCold   . . .      Faith    .   n - +0 buckler {rF+}
rNeg    . . .      Spirit   .   (helmet restricted)
rPois   .          Reflect  .   j - amulet of the acrobat
rElec   .          Harm     .   l - ring "Wocriel" {rCorr MP+9 Int+4}
rCorr   +          Rampage  .   m - ring of Vaalier {rF+ Will+ Str-5 Dex+3}
Will    ++...                   h - ring of willpower
Stlth   ++++......              E - +4 ring of evasion
HPRegen 0.20/turn               (no ring)
MPRegen 0.20/turn               (no ring)
                                (no ring)
                                (no ring)

@: no status effects
A: almost no armour, amphibious, 8 rings, camouflage 1, gelatinous body 1,
(nimble swimmer 1), tentacles
a: Renounce Religion, Potion Petition, Call Merchant, Bribe Branch


You were on level 9 of the Dungeon.
You worshipped Gozag.
Gozag was most pleased with you.
You visited 2 branches of the dungeon, and saw 10 of its levels.

You collected 1308 gold pieces.
You paid 45 gold pieces to Gozag.

Inventory:

Hand Weapons
 d - a +0 dagger
 e - the +7 Spriggan's Knife {stab, EV+4 Stlth+}
   (You acquired it on level 1 of the Dungeon)

   It is more effective when stabbing unaware enemies, sometimes treating them
   as though they were completely helpless.
   EV:        It affects your evasion (+4).
   Stlth:     It makes you more stealthy.
Armour
 n - a +0 buckler of fire resistance (worn)
Magical Staves
 i - a staff of conjuration (weapon)
Jewellery
 h - a ring of willpower (on tentacle)
 j - an amulet of the acrobat (around mantle)
 l - the ring "Wocriel" (left tentacle) {rCorr MP+9 Int+4}
   (You acquired it on level 1 of the Dungeon)

   [ring of resist corrosion]

   Int:       It affects your intelligence (+4).
   MP:        It affects your magic capacity (+9).
   rCorr:     It protects you from acid and corrosion.
 m - the ring of Vaalier (right tentacle) {rF+ Will+ Str-5 Dex+3}
   (You acquired it on level 1 of the Dungeon)

   [ring of protection from fire]

   Str:       It affects your strength (-5).
   Dex:       It affects your dexterity (+3).
   rF:        It protects you from fire.
   Will:      It increases your willpower.
 B - an amulet of guardian spirit
 E - a +4 ring of evasion (on tentacle)
Wands
 y - a wand of mindburst (10)
 D - a wand of polymorph (11)
 G - a wand of light (4)
Scrolls
 b - 6 scrolls of teleportation {unknown}
 c - 7 scrolls of identify {unknown}
 k - 6 scrolls of amnesia {unknown}
 o - 2 scrolls of blinking {unknown}
 r - a scroll of poison
 t - 2 scrolls of fear {unknown}
 u - 4 scrolls of butterflies {unknown}
 v - 2 scrolls of enchant weapon {unknown}
 w - a scroll of noise {unknown}
 z - 2 scrolls of magic mapping {unknown}
 A - a scroll of vulnerability {unknown}
 C - a scroll of acquirement
 H - 2 scrolls of enchant armour {unknown}
Potions
 a - 2 potions of magic
 f - 3 potions of heal wounds {unknown}
 g - 4 potions of curing
 p - 2 potions of brilliance
 q - a potion of ambrosia {unknown}
 s - a potion of might {unknown}
 x - 2 potions of lignification {unknown}
 F - a potion of flight {unknown}
 I - a potion of haste {unknown}


   Skills:
 + Level 4.4 Fighting
 + Level 3.3 Dodging
 + Level 4.8 Stealth
 - Level 5.7 Shields
 - Level 4.9 Spellcasting
 + Level 8.7 Conjurations
 - Level 8.6 Hexes


You had 8 spell levels left.
You knew the following spells:

 Your Spells              Type           Power      Damage    Failure   Level
a - Magic Dart            Conj           100%       1d8       1%          1
b - Searing Ray           Conj           100%       2d8       1%          2
c - Dazzling Flash        Conj/Hex       100%       N/A       1%          3
d - Fulminant Prism       Conj/Hex       36%        3d18      2%          4

Your spell library contained the following spells:

 Spells                   Type           Power      Damage    Failure   Level
 Mephitic Cloud           Conj/Pois/Air  36%        N/A       7%          3
 Call Imp                 Summ           7%         N/A       12%         2
 Poisonous Vapours        Pois/Air       14%        N/A       12%         2
 Scorch                   Fire           14%        2d6       12%         2
 Flame Wave               Conj/Fire      49%        2d12      13%         4
 Iskenderun's Mystic Bla  Conj/Tloc      49%        2d11      13%         4
 Gell's Gravitas          Tloc           7%         N/A       24%         3
 Lesser Beckoning         Tloc           7%         N/A       24%         3
 Teleport Other           Tloc           7%         N/A       24%         3
 Summon Cactus Giant      Summ           3%         N/A       100%        6
 Corpse Rot               Necr/Pois/Air  Unusable   N/A       N/A         4

Dungeon Overview and Level Annotations

Branches:
Dungeon (9/15)             Temple (1/1) D:4
   Lair: D:8-11         Orc: D:9-12

Altars:
Ashenzari
Cheibriados
Dithmenos
Elyvilon
Fedhas
Gozag
Hepliaklqana
Kikubaaqudgha
Makhleb
Nemelex Xobeh
Okawaru
Qazlal
Ru
Sif Muna
Trog
Uskayaw
Wu Jian
Xom
Yredelemnul
Zin
The Shining One


Innate Abilities, Weirdness & Mutations

You cannot wear most types of armour.
You are amphibious.
You can wear up to eight rings at the same time.
Your skin changes colour to match your surroundings (Stealth+).
Your rubbery body absorbs attacks. (AC +1, EV +1)
((You are camouflaged when in or above water. (Stealth+)))
You have tentacles for arms and can constrict up to eight enemies at once.


Message History

Confirm with . or Enter, or press ? or * to list all spells.
You don't have enough magic to cast this spell.
Unknown command.
The kobold is no longer distracted by gold.
The yak is distracted by your dazzling golden aura.
The yak is no longer distracted by gold.
The yak is distracted by your dazzling golden aura.
The kobold is distracted by your dazzling golden aura.
The boulder beetle curls into a ball and begins rolling!
Casting: Fulminant Prism (dangerous; 2% risk of failure)
Confirm with . or Enter, or press ? or * to list all spells.
Aiming: Fulminant Prism (dangerous; 2% risk of failure)
Press: ? - help, Dir - move target You feel a surge of power!
You conjure a prism of explosive energy!
A fulminant prism comes into view.
You block the boulder beetle's attack.
The boulder beetle stops rolling and uncurls.
Your fulminant prism crackles loudly.
You completely miss the boulder beetle. The boulder beetle bites you!
Your fulminant prism explodes!
The blast of energy engulfs the boulder beetle!!
The boulder beetle is moderately wounded.
You hit the boulder beetle but do no damage.
The boulder beetle is moderately wounded.
The boulder beetle closely misses you.
Unknown command.
You hit the boulder beetle but do no damage.
The boulder beetle is moderately wounded.
The boulder beetle bites you!!
You hit the boulder beetle but do no damage.
The boulder beetle is moderately wounded.
The boulder beetle bites you!!
* * * LOW HITPOINT WARNING * * *
You block the boulder beetle's attack.
The air fills with toxic fumes!
As you read the scroll labelled AZXAOD MAUFIM, it crumbles to dust.
It was a scroll of poison.
The boulder beetle bites you!
You die...
Your body crumbles into a pile of gold.

.........# #.......#
.....##§§# #.......#
.... #§§# #.####..#
........##§§# #.# #..#
........##§§# #.# #..#
........##§§# #.# #..#
......<.##§§# #.# #..#
......[.##§B# #.# #..#
........##§@# #.# #..#
......>.##§§# #.# #..#
.......<##§§###.####..#
.........§§§§.......>.#
#######################


You could see a boulder beetle.

Vanquished Creatures
  Pikel (D:4)
  Grinder (D:6)
  5 yaks (D:9)
  Eustachio (D:4)
  3 steam dragons (D:8)
  Menkaure (D:4)
  A water moccasin (D:7)
  The ghost of Taurus the Caller, an amateur FeSu (D:7)
  An ice beast (D:5)
  A black bear (D:5)
  A sky beast (D:7)
  3 ogres
  2 centaurs (D:7)
  2 lemures (D:4)
  2 bullfrogs (D:8)
  5 kobold brigands
  A necrophage (D:5)
  3 scorpions
  7 wights
  5 howler monkeys
  2 orc priests
  2 jellies
  3 hounds
  2 gnoll boudas
  2 iguanas
  Natasha (thrice) (D:3)
  4 orc wizards
  7 adders
  15 gnolls
  A shadow imp (D:7)
  2 ufetubi (D:5)
  A worm (D:2)
  2 dart slugs (D:1)
  29 orcs
  8 endoplasms
  3 giant cockroaches
  2 goblins (D:1)
  4 hobgoblins
  4 jackals (D:5)
  7 quokkas
  6 ball pythons
  9 bats
  4 frilled lizards
  30 kobolds
  5 rats
204 creatures vanquished.

Vanquished Creatures (others)
  An orc priest (D:4)
  58 fulminant prisms
  A plant (D:6)
60 creatures vanquished.

Grand Total: 264 creatures vanquished

Notes
Turn   | Place    | Note
-------+----------+-------------------------------------------
     0 | D:1      | hikkokomori the Octopode Conjurer began the quest for the
                  | Orb.
     0 | D:1      | Reached XP level 1. HP: 11/11 MP: 3/3
   184 | D:1      | Reached XP level 2. HP: 8/17 MP: 0/5
   796 | D:1      | Reached XP level 3. HP: 21/21 MP: 0/6
  1248 | D:1      | Learned a level 2 spell: Searing Ray
  1248 | D:1      | Identified 3 scrolls of acquirement
  1248 | D:1      | Acquired the ring "Wocriel" {rCorr MP+9 Int+4}
  1249 | D:1      | Acquired the +7 Spriggan's Knife {stab, EV+4 Stlth+}
  1249 | D:1      | Found the +7 Spriggan's Knife {stab, EV+4 Stlth+}
  1250 | D:1      | Acquired the ring of Vaalier {rF+ Will+ Str-5 Dex+3}
  1261 | D:1      | Learned a level 3 spell: Dazzling Flash
  1381 | D:2      | Found a faded altar of an unknown god.
  1503 | D:2      | Reached skill level 1 in Hexes
  1503 | D:2      | Reached XP level 4. HP: 27/27 MP: 8/8
  2239 | D:3      | Reached XP level 5. HP: 31/31 MP: 9/9
  2641 | D:3      | Noticed Natasha
  2648 | D:3      | Killed Natasha
  2794 | D:3      | Found the +4 robe of Augmentation {Str+4 Int+4 Dex+4}
  3068 | D:3      | Noticed Natasha
  3088 | D:3      | Killed Natasha
  3219 | D:3      | Noticed Natasha
  3222 | D:3      | Killed Natasha
  3381 | D:4      | Reached XP level 6. HP: 32/36 MP: 4/12
  3516 | D:4      | Noticed Eustachio
  3531 | D:4      | Killed Eustachio
  3761 | D:4      | Noticed Menkaure
  3787 | D:4      | Killed Menkaure
  3788 | D:4      | Reached XP level 7. HP: 15/41 MP: 14/14
  3992 | D:4      | Learned a level 4 spell: Fulminant Prism
  4044 | D:4      | Noticed Pikel
  4049 | D:4      | Killed Pikel
  4050 | D:4      | Reached skill level 5 in Conjurations
  4050 | D:4      | Reached skill level 5 in Hexes
  4050 | D:4      | Reached XP level 8. HP: 37/46 MP: 11/15
  4187 | D:4      | Found a staircase to the Ecumenical Temple.
  4196 | Temple   | Entered the Ecumenical Temple
  4391 | Temple   | Became a worshipper of Gozag Ym Sagoz the Greedy
  4580 | D:5      | Entered Level 5 of the Dungeon
  5749 | D:5      | Found an ancient bone altar of Kikubaaqudgha.
  6215 | D:5      | Reached XP level 9. HP: 48/51 MP: 16/16
  6633 | D:6      | Reached skill level 5 in Shields
  6854 | D:6      | Noticed Grinder
  6859 | D:6      | Killed Grinder
  7465 | D:7      | Reached skill level 1 in Fighting
  8082 | D:7      | Found a runed translucent gate.
  8086 | D:7      | Found a runed translucent gate.
  8087 | D:7      | Found a runed translucent gate.
  8088 | D:7      | Found an opulent altar of Gozag.
  8088 | D:7      | Noticed Taurus's ghost (amateur FeSu)
  8260 | D:7      | Killed Taurus's ghost
  8438 | D:8      | Reached XP level 10. HP: 53/62 MP: 17/17
  8995 | D:8      | Found a white marble altar of Elyvilon.
  9002 | D:8      | Found a shadowy altar of Dithmenos.
  9002 | D:8      | Found an ornate altar of the Wu Jian Council.
  9007 | D:8      | Found a blossoming altar of Fedhas.
  9786 | D:9      | Noticed a boulder beetle
  9811 | D:9      | Slain by a boulder beetle

Illustrated notes

Levels and vault maps discovered:
D:1:      giann_bridges, layout_basic
D:2:      layout_loops_cross, ebering_ecumenical_altar_hall
D:3:      layout_basic, uniq_natasha
D:4:      layout_loops_ring, lemuel_temple_firewalk_a, uniq_pikel,
          uniq_eustachio, uniq_menkaure
D:5:      layout_cave_pods, kennysheep_mini_moat
D:6:      layout_basic, serial_bayou_crossing, uniq_grinder
D:7:      layout_cave_pools, ebering_ghost_gozag, grunt_ministairs_3
D:8:      layout_basic, minitemple
D:9:      layout_long_grid
Temple:   eino_temple_scatter_basement

Skill      XL: |  1  2  3  4  5  6  7  8  9 10 |
---------------+-------------------------------+-----
Stealth        | 3 4 |  4.8
Hexes          | 1 2 3 4 5 6 8 |  8.6
Spellcasting   | 3 4 |  4.9
Shields        | 2 4 5 |  5.7
Conjurations   | 5 6 8 |  8.7
Fighting       | 2 4 |  4.4
Dodging        | 3 |  3.3

Action                   |  1- 3 |  4- 6 |  7- 9 | 10-12 || total
-------------------------+-------+-------+-------+-------++-------
Melee: Unarmed           |     5 |       |       |       ||     5
       Constrict         |     3 |       |     7 |     8 ||    18
       Tentacles         |     2 |       |     3 |    10 ||    15
       Dagger            |     1 |       |       |       ||     1
       Staff             |       |     2 |    16 |    38 ||    56
 Cast: Magic Dart        |    52 |   103 |   115 |    33 ||   303
       Searing Ray       |     1 |     6 |    14 |       ||    21
       Fulminant Prism   |       |       |    36 |    22 ||    58
       Dazzling Flash    |       |       |     1 |       ||     1
  Use: Scroll            |     3 |       |       |     1 ||     4
Armor: Skin              |     2 |       |     3 |       ||     5
Dodge: Dodged            |    10 |    12 |    47 |    29 ||    98
Block: Buckler           |       |     3 |    18 |    16 ||    37
